AoeStats
← bullseyes

Socotra

506430008Analyzed
4v4 RM · 18d ago on Sep 13, 2026· 26m 21s· 8 players
Game mode
Random Map
Map size
148×148
Population
200
Speed
Normal
Resources
Standard
Victory
Conquest
Starting age
Dark Age
Ending age
Imperial Age
RankedLock teamsTeams togetherTeam positionsShared explorationLock speedFull tech treeHidden civsTurbo modeCheats
Victory
Defeat
🇫🇷 Khmer · France
1707
+10
🇫🇷 Magyars · France
1685
+11
🇫🇷 Saracens · France
1433
+22
🇫🇷 Britons · France
1355
+25
🇹🇼 Mongols · Taiwan
1589
-18
🇧🇪 Tatars · Belgium
1580
-18
🇹🇷 Khmer · Türkiye
1539
-16
1533
-16
Yucatan_water_supremacy
1:20 Loom
9:29 Feudal Age
11:22 Town Watch
14:55 Fletching
27:54 Castle Age
26:07 Double-Bit Axe
好奇小牛
7:38 Feudal Age
9:06 Double-Bit Axe
9:42 Loom
17:03 Bloodlines
18:31 Forging
18:56 Scale Barding Armor
27:03 Castle Age
Monk
6:45 Loom
8:56 Feudal Age
9:42 Double-Bit Axe
9:40 Horse Collar
18:05 Scale Barding Armor
19:14 Forging
21:13 Bloodlines
25:08 Castle Age
25:43 Wheelbarrow
25:12 Light Cavalry
bullseyes
7:01 Loom
9:21 Feudal Age
12:49 Fletching
18:01 Double-Bit Axe
19:22 Horse Collar
Tonymontana
5:38 Loom
12:02 Feudal Age
14:51 Double-Bit Axe
25:11 Fletching
kitchiro
5:41 Loom
8:45 Feudal Age
9:28 Double-Bit Axe
9:37 Horse Collar
15:42 Scale Barding Armor
17:22 Forging
18:28 Bloodlines
24:18 Castle Age
25:27 Chain Barding Armor
25:59 Iron Casting
25:26 Husbandry
24:47 Light Cavalry
25:41 Bow Saw
25:33 Heavy Plow
-2n+2q
5:54 Loom
8:24 Feudal Age
9:00 Double-Bit Axe
16:02 Scale Barding Armor
16:39 Bloodlines
21:41 Castle Age
20:15 Horse Collar
22:42 Chain Barding Armor
22:45 Bow Saw
ccereal
6:27 Loom
8:54 Feudal Age
9:45 Double-Bit Axe
12:08 Fletching
13:52 Padded Archer Armor
21:00 Castle Age
20:11 Horse Collar
21:01 Crossbowman
21:44 Bodkin Arrow
23:47 Ballistics
Connection lost

Rejoining the realm…

Still unreachable

The connection could not be restored.

Session expired

The server has moved on; the page needs a fresh start.